MLB
SAN FRANCISCO GIANTS @ SAN DIEGO PADRES
06/19/2030
 
TOP OF THE 1ST
San Francisco Giants batting - Pitching for San Diego Padres : LHP Jose Rincon
Pitching: LHP Jose Rincon
Batting: SHB Angel Martinez 0-0: Called Strike
0-1: Ball
1-1: Swinging Strike
1-2: Foul Ball, location: 2F
1-2: Ball
2-2: Ground out 1-3 (Groundball, 13S, EV 70.0 MPH)
Batting: RHB Mauricio Dubon 0-0: Foul Ball, location: 2F
0-1: SINGLE (Line Drive, 8RS, EV 110.0 MPH)
Batting: RHB Royce Lewis 0-0: SINGLE (Groundball, 6MS, EV 67.5 MPH) (infield hit)
Mauricio Dubon to second
Batting: RHB Heliot Ramos 0-0: Called Strike
0-1: Foul Ball, location: 2F
0-2: Strikes out looking
Batting: LHB Daniel Adams 0-0: Fielders Choice at 3rd, U5 (Groundball, 5, EV 88.1 MPH)
Top of the 1st over - 0 runs, 2 hits, 0 errors, 1 left on base; San Francisco 0 - San Diego 0
BOTTOM OF THE 1ST
San Diego Padres batting - Pitching for San Francisco Giants : RHP Tommy McCormick
Pitching: RHP Tommy McCormick
Batting: RHB Joe Ketola 0-0: Ball
1-0: Ball
2-0: Fly out, F7 (Line Drive, 7S, EV 93.1 MPH)
Batting: SHB Chad Back 0-0: Called Strike
0-1: Foul Ball, location: 7LSF
0-2: Ball
1-2: Foul Ball, location: 5F
1-2: Foul Ball, location: 2LF
1-2: Fly out, F8 (Flyball, 8LD, EV 106.3 MPH)
Batting: LHB Josh Wells 0-0: Swinging Strike
0-1: Fly out, F8 (Flyball, 8LM, EV 86.9 MPH)
Bottom of the 1st over - 0 runs, 0 hits, 0 errors, 0 left on base; San Francisco 0 - San Diego 0
TOP OF THE 2ND
San Francisco Giants batting - Pitching for San Diego Padres : LHP Jose Rincon
Batting: SHB Lucius Fox 0-0: Ball
1-0: Ball
2-0: SINGLE (Groundball, 56S, EV 85.0 MPH)
Batting: SHB Patrick Bailey 0-0: Ball
1-0: Ball
2-0: Ball
3-0: Called Strike
3-1: Foul Ball, location: 2F
3-2: DOUBLE (Line Drive, 7LS, EV 102.5 MPH)
Lucius Fox to third
Batting: SHB Cole Tucker 0-0: Swinging Strike
0-1: Foul Ball, location: 25F
0-2: Strikes out looking
Batting: SHB Luis Ravelo 0-0: Ball
1-0: Ball
2-0: Called Strike
2-1: Fielders Choice at home, 4-2 (Groundball, 34, EV 84.4 MPH)
Patrick Bailey to third
Batting: SHB Angel Martinez 0-0: Called Strike
0-1: Ground out 4-3 (Groundball, 4S, EV 82.5 MPH)
Top of the 2nd over - 0 runs, 2 hits, 0 errors, 2 left on base; San Francisco 0 - San Diego 0
BOTTOM OF THE 2ND
San Diego Padres batting - Pitching for San Francisco Giants : RHP Tommy McCormick
Batting: LHB Heston Kjerstad 0-0: Foul Ball, location: 2F
0-1: Ball
1-1: SINGLE (Line Drive, 7S, EV 90.6 MPH)
Batting: RHB Julio Vazquez 0-0: Swinging Strike
0-1: Called Strike
0-2: Ball
1-2: Ball
2-2: Ball
3-2: Strikes out swinging
Batting: LHB Josh Miller 0-0: Foul Ball, location: 25FF
0-1: Foul Ball, location: 7LMF
0-2: Ball
1-2: Ball
2-2: Fly out, F7 (Line Drive, 7, EV 95.6 MPH)
Batting: LHB Geremia Calzolai 0-0: Ball
1-0: Fly out, F7 (Flyball, 7S, EV 93.1 MPH)
Bottom of the 2nd over - 0 runs, 1 hit, 0 errors, 1 left on base; San Francisco 0 - San Diego 0
TOP OF THE 3RD
San Francisco Giants batting - Pitching for San Diego Padres : LHP Jose Rincon
Batting: RHB Mauricio Dubon 0-0: Ball
1-0: Ground out 5-3 (Groundball, 5S, EV 84.4 MPH)
Batting: RHB Royce Lewis 0-0: Called Strike
0-1: Ball
1-1: Swinging Strike
1-2: Ball
2-2: SINGLE (Groundball, 56S, EV 68.1 MPH) (infield hit)
Batting: RHB Heliot Ramos 0-0: Ball
1-0: Foul Ball, location: 2F
1-1: Ball
2-1: Swinging Strike
2-2: Ball
3-2: Grounds into double play, 5-4-3 (Groundball, 56, EV 82.5 MPH)
Top of the 3rd over - 0 runs, 1 hit, 0 errors, 0 left on base; San Francisco 0 - San Diego 0
BOTTOM OF THE 3RD
San Diego Padres batting - Pitching for San Francisco Giants : RHP Tommy McCormick
Batting: RHB Jorge Quiones 0-0: Ball
1-0: Fly out, F7 (Flyball, 78D, EV 78.8 MPH)
Batting: RHB Latrell Phifer 0-0: Ball
1-0: Called Strike
1-1: Ball
2-1: Ground out 6-3 (Groundball, 56, EV 83.8 MPH)
Batting: RHB Joe Ketola 0-0: Called Strike
0-1: Ball
1-1: Ball
2-1: Ball
3-1: Foul Ball, location: 23F
3-2: Strikes out looking
Bottom of the 3rd over - 0 runs, 0 hits, 0 errors, 0 left on base; San Francisco 0 - San Diego 0
TOP OF THE 4TH
San Francisco Giants batting - Pitching for San Diego Padres : LHP Jose Rincon
Batting: LHB Daniel Adams 0-0: Ball
1-0: Swinging Strike
1-1: Ball
2-1: Foul Ball, location: 23FF
2-2: Strikes out swinging
Batting: SHB Lucius Fox 0-0: Ground out 2-3 (Groundball, 15S, EV 71.9 MPH)
Batting: SHB Patrick Bailey 0-0: Called Strike
0-1: Ball
1-1: Swinging Strike
1-2: Ball
2-2: Ball
3-2: Foul Ball, location: 9LSF
3-2: Foul Ball, location: 7LSFF
3-2: Base on Balls
Batting: SHB Cole Tucker 0-0: Ground out 6-3 (Groundball, 6S, EV 86.3 MPH)
Top of the 4th over - 0 runs, 0 hits, 0 errors, 1 left on base; San Francisco 0 - San Diego 0
BOTTOM OF THE 4TH
San Diego Padres batting - Pitching for San Francisco Giants : RHP Tommy McCormick
Batting: SHB Chad Back 0-0: Ball
1-0: Fly out, F9 (Flyball, 9D, EV 88.1 MPH)
Batting: LHB Josh Wells 0-0: Swinging Strike
0-1: Called Strike
0-2: SINGLE (Groundball, 6MD, EV 96.3 MPH)
Batting: LHB Heston Kjerstad 0-0: Swinging Strike
0-1: SINGLE (Groundball, 34D, EV 101.9 MPH)
Josh Wells to second
Runner from 2nd tries for 3rd, SAFE, throw by RF made to third
Heston Kjerstad to second
Batting: RHB Julio Vazquez 0-0: Foul Ball, location: 3SF
0-1: Ball
1-1: Called Strike
1-2: Ball
2-2: Strikes out swinging
Batting: LHB Josh Miller 0-0: Called Strike
0-1: Called Strike
0-2: Ball
1-2: Ball
2-2: Foul Ball, location: 7LDF
2-2: Ball
3-2: Base on Balls
Batting: LHB Geremia Calzolai 0-0: Ball
1-0: Called Strike
1-1: Fly out, F8 (Flyball, 78D, EV 80.6 MPH)
Bottom of the 4th over - 0 runs, 2 hits, 0 errors, 3 left on base; San Francisco 0 - San Diego 0
TOP OF THE 5TH
San Francisco Giants batting - Pitching for San Diego Padres : LHP Jose Rincon
Batting: SHB Luis Ravelo 0-0: Ball
1-0: Foul Ball, location: 3DF
1-1: Foul Ball, location: 2F
1-2: Foul Ball, location: 3FF
1-2: Strikes out swinging
Batting: SHB Angel Martinez 0-0: SINGLE (Line Drive, 9S, EV 105.6 MPH)
Batting: RHB Mauricio Dubon 0-0: DOUBLE (Line Drive, 7LS, EV 93.8 MPH)
Angel Martinez to third
Batting: RHB Royce Lewis 0-0: Ball
1-0: Ball
2-0: Called Strike
2-1: Fly out, F8 (Flyball, 89D, EV 88.1 MPH)
Runner from 3rd tags up, SCORES, throw by CF
Mauricio Dubon to third
Batting: RHB Heliot Ramos 0-0: Called Strike
0-1: Ball
1-1: Called Strike
1-2: Strikes out swinging
Top of the 5th over - 1 run, 2 hits, 0 errors, 1 left on base; San Francisco 1 - San Diego 0
BOTTOM OF THE 5TH
San Diego Padres batting - Pitching for San Francisco Giants : RHP Tommy McCormick
Batting: RHB Jorge Quiones 0-0: Called Strike
0-1: Swinging Strike
0-2: Foul Ball, location: 9LMF
0-2: DOUBLE (Groundball, 5L, EV 106.3 MPH)
Batting: RHB Latrell Phifer 0-0: Foul Ball, location: 5F
0-1: Foul Ball, location: 9LDF
0-2: Strikes out swinging
Batting: RHB Joe Ketola 0-0: Foul Ball, location: 9LSF
0-1: Called Strike
0-2: Ball
1-2: Ball
2-2: SINGLE (Groundball, 34D, EV 106.9 MPH)
Jorge Quiones to third
Runner from 3rd tries for Home, SAFE, throw by RF to home
Batting: SHB Chad Back 0-0: Called Strike
Joe Ketola steals 2nd base
0-1: Ball
1-1: Ground out 5-3 (Groundball, 56, EV 103.1 MPH)
Batting: LHB Josh Wells 0-0: Ball
1-0: Foul Ball, location: 2F
1-1: Ground out 4-3 (Groundball, 4, EV 106.3 MPH)
Bottom of the 5th over - 1 run, 2 hits, 0 errors, 1 left on base; San Francisco 1 - San Diego 1
TOP OF THE 6TH
San Francisco Giants batting - Pitching for San Diego Padres : LHP Jose Rincon
Batting: LHB Daniel Adams 0-0: Ball
1-0: Fly out, F9 (Line Drive, 89D, EV 95.0 MPH)
Batting: SHB Lucius Fox 0-0: Ball
1-0: Foul Ball, location: 2F
1-1: Foul Ball, location: 2F
1-2: Foul Ball, location: 3DF
1-2: Foul Ball, location: 7LMF
1-2: Strikes out swinging
Batting: SHB Patrick Bailey 0-0: Ball
1-0: Ball
2-0: Ball
3-0: Swinging Strike
3-1: Called Strike
3-2: Foul Ball, location: 2F
3-2: Strikes out looking
Top of the 6th over - 0 runs, 0 hits, 0 errors, 0 left on base; San Francisco 1 - San Diego 1
BOTTOM OF THE 6TH
San Diego Padres batting - Pitching for San Francisco Giants : RHP Tommy McCormick
Batting: LHB Heston Kjerstad 0-0: Ball
1-0: Fly out, F7 (Flyball, 78D, EV 100.6 MPH)
Batting: RHB Julio Vazquez 0-0: Called Strike
0-1: Ball
1-1: Ball
2-1: SINGLE (Line Drive, 9S, EV 87.5 MPH)
Batting: LHB Josh Miller 0-0: Ball
1-0: Ball
2-0: Called Strike
2-1: Swinging Strike
2-2: Strikes out swinging
Batting: LHB Geremia Calzolai 0-0: Ball
1-0: Called Strike
1-1: Called Strike
Julio Vazquez steals 2nd base (no throw)
1-2: Ball
2-2: Strikes out looking
Bottom of the 6th over - 0 runs, 1 hit, 0 errors, 1 left on base; San Francisco 1 - San Diego 1
TOP OF THE 7TH
San Francisco Giants batting - Pitching for San Diego Padres : LHP Jose Rincon
Pitching: RHP Jamie Pontius
Batting: SHB Cole Tucker 0-0: Ball
1-0: Swinging Strike
1-1: Ball
2-1: SINGLE (Line Drive, 56, EV 98.1 MPH)
Batting: SHB Luis Ravelo 0-0: Called Strike
0-1: Ball
1-1: Ball
2-1: Bunt missed!
2-2: Strikes out looking
Batting: SHB Angel Martinez 0-0: Ball
1-0: Ball
2-0: Foul Ball, location: 7LDF
2-1: Foul Ball, location: 2F
2-2: Strikes out looking
Batting: RHB Mauricio Dubon 0-0: Foul Ball, location: 5F
0-1: Fly out, F7 (Flyball, 78M, EV 88.1 MPH)
Top of the 7th over - 0 runs, 1 hit, 0 errors, 1 left on base; San Francisco 1 - San Diego 1
BOTTOM OF THE 7TH
San Diego Padres batting - Pitching for San Francisco Giants : RHP Tommy McCormick
Batting: RHB Jorge Quiones 0-0: Called Strike
0-1: Ball
1-1: Ball
2-1: SINGLE (Groundball, 6MD, EV 106.9 MPH)
Pitching: RHP Brusdar Graterol
Batting: RHB Latrell Phifer 0-0: Ball
1-0: Ball
2-0: Grounds into double play, 5-4-3 (Groundball, 56S, EV 84.4 MPH)
Batting: RHB Joe Ketola 0-0: Called Strike
0-1: Ground out 6-3 (Groundball, 6, EV 81.3 MPH)
Bottom of the 7th over - 0 runs, 1 hit, 0 errors, 0 left on base; San Francisco 1 - San Diego 1
TOP OF THE 8TH
San Francisco Giants batting - Pitching for San Diego Padres : RHP Jamie Pontius
Batting: RHB Royce Lewis 0-0: Ball
1-0: Ball
2-0: Ball
3-0: Called Strike
3-1: Base on Balls
Pinch Hitting: SHB Chris Moll 0-0: Ball
1-0: SINGLE (Groundball, 6MD, EV 100.0 MPH) (infield hit)
Royce Lewis to second
Batting: LHB Daniel Adams 0-0: Called Strike
0-1: Ball
1-1: Foul Ball, location: 2F
1-2: Fly out, F9 (Flyball, 89M, EV 87.5 MPH)
Runner from 2nd tags up, OUT at 3rd! 9-5
Batting: SHB Lucius Fox 0-0: Ball
1-0: Called Strike
1-1: Foul Ball, location: 2F
1-2: Ball
2-2: Ground out U3 (Groundball, 3L, EV 91.9 MPH)
Top of the 8th over - 0 runs, 1 hit, 0 errors, 1 left on base; San Francisco 1 - San Diego 1
BOTTOM OF THE 8TH
San Diego Padres batting - Pitching for San Francisco Giants : RHP Brusdar Graterol
Now in LF: Joe Curran
Now in RF: Lucius Fox
Batting: SHB Chad Back 0-0: Ball
1-0: Called Strike
1-1: Called Strike
1-2: Strikes out swinging
Pitching: LHP Andrew Perez
Batting: LHB Josh Wells 0-0: Ball
1-0: Called Strike
1-1: Ball
2-1: Ground out U3 (Groundball, 34S, EV 86.3 MPH)
Batting: LHB Heston Kjerstad 0-0: Foul Ball, location: 7LDF
0-1: Swinging Strike
0-2: Ball
1-2: Fly out, F7 (Flyball, 7D, EV 106.9 MPH)
Bottom of the 8th over - 0 runs, 0 hits, 0 errors, 0 left on base; San Francisco 1 - San Diego 1
TOP OF THE 9TH
San Francisco Giants batting - Pitching for San Diego Padres : RHP Jamie Pontius
Pitching: RHP Santiago Florez
Batting: SHB Patrick Bailey 0-0: Ball
1-0: Ball
2-0: Swinging Strike
2-1: Ball
3-1: Base on Balls
Batting: SHB Cole Tucker 0-0: Bunted foul
0-1: Ball
1-1: Foul Ball, location: 9LMF
1-2: Foul Ball, location: 9LDF
1-2: Strikes out looking
Pinch Hitting: RHB Tyler Fitzgerald 0-0: Called Strike
0-1: Ball
1-1: Ball
2-1: Foul Ball, location: 9LSF
2-2: SINGLE (Groundball, 56D, EV 103.8 MPH)
Patrick Bailey to second
Batting: SHB Angel Martinez 0-0: Swinging Strike
0-1: Ball
1-1: Called Strike
1-2: Ball
2-2: Foul Ball, location: 9LMF
2-2: Strikes out swinging
Batting: RHB Mauricio Dubon 0-0: Foul Ball, location: 2RF
0-1: Ball
1-1: Fly out, F7 (Line Drive, 7, EV 89.4 MPH)
Top of the 9th over - 0 runs, 1 hit, 0 errors, 2 left on base; San Francisco 1 - San Diego 1
BOTTOM OF THE 9TH
San Diego Padres batting - Pitching for San Francisco Giants : LHP Andrew Perez
Now at SS: Tyler Fitzgerald
Batting: RHB Julio Vazquez 0-0: Fly out, F4 (Popup, 34D, EV 68.1 MPH)
Batting: RHB Isaiah Jones 0-0: Called Strike
0-1: Fly out, F7 (Line Drive, 78M, EV 89.4 MPH)
Pinch Hitting: RHB Rashad Crain 0-0: Ground out 5-3 (Groundball, 5L, EV 85.6 MPH)
Bottom of the 9th over - 0 runs, 0 hits, 0 errors, 0 left on base; San Francisco 1 - San Diego 1
TOP OF THE 10TH
San Francisco Giants batting - Pitching for San Diego Padres : RHP Santiago Florez
Pitching: RHP Joe Ottinger
Now in CF: Rashad Crain
Batting: RHB Royce Lewis 0-0: Swinging Strike
0-1: Ball
1-1: Ball
2-1: Foul Ball, location: 5FF
2-2: Ground out 6-3 (Groundball, 6, EV 88.1 MPH)
Batting: RHB Joe Curran 0-0: Called Strike
0-1: Foul Ball, location: 9LMF
0-2: Ball
1-2: Foul Ball, location: 5FF
1-2: Ball
2-2: Ball
3-2: Fly out, F7 (Flyball, 7, EV 90.0 MPH)
Batting: LHB Daniel Adams 0-0: Ball
1-0: Called Strike
1-1: Ball
2-1: Ground out 4-3 (Groundball, 4, EV 110.0 MPH)
Top of the 10th over - 0 runs, 0 hits, 0 errors, 0 left on base; San Francisco 1 - San Diego 1
BOTTOM OF THE 10TH
San Diego Padres batting - Pitching for San Francisco Giants : LHP Andrew Perez
Pitching: RHP Danny Granados
Batting: RHB Jorge Quiones 0-0: Ground out 5-3 (Groundball, 56, EV 98.1 MPH)
Batting: RHB Latrell Phifer 0-0: Ball
1-0: SINGLE (Line Drive, 6M, EV 98.1 MPH)
Batting: RHB Joe Ketola 0-0: Called Strike
0-1: Ball
1-1: Called Strike
1-2: Ball
2-2: Grounds into double play, 4-6-3 (Groundball, 4, EV 90.0 MPH)
Bottom of the 10th over - 0 runs, 1 hit, 0 errors, 0 left on base; San Francisco 1 - San Diego 1
TOP OF THE 11TH
San Francisco Giants batting - Pitching for San Diego Padres : RHP Joe Ottinger
Batting: SHB Lucius Fox 0-0: Ball
1-0: Ball
2-0: Ball
3-0: Base on Balls
Batting: SHB Patrick Bailey 0-0: Ball
1-0: Fly out, F8 (Flyball, 8LXD, EV 101.3 MPH)
Batting: SHB Cole Tucker 0-0: Ball
Lucius Fox steals 2nd, throwing error, E2
Lucius Fox to third
1-0: Fly out, F8 (Flyball, 8RM, EV 95.0 MPH)
Runner from 3rd tags up, SCORES, throw by CF
Batting: RHB Tyler Fitzgerald 0-0: Foul Ball, location: 9LSF
0-1: Ball
1-1: Swinging Strike
1-2: Strikes out swinging
Top of the 11th over - 1 run, 0 hits, 1 error, 0 left on base; San Francisco 2 - San Diego 1
BOTTOM OF THE 11TH
San Diego Padres batting - Pitching for San Francisco Giants : RHP Danny Granados
Now at 1B: Tyler Fitzgerald
Now at SS: Thairo Estrada
Now in LF: Mauricio Dubon
Batting: SHB Chad Back 0-0: Called Strike
0-1: Ground out 4-3 (Groundball, 34D, EV 103.1 MPH)
Batting: LHB Josh Wells 0-0: Foul Ball, location: 9LMF
0-1: Foul Ball, location: 25F
0-2: Ball
1-2: Strikes out swinging
Batting: LHB Heston Kjerstad 0-0: Ball
1-0: Foul Ball, location: 5F
1-1: Swinging Strike
1-2: Strikes out looking
Bottom of the 11th over - 0 runs, 0 hits, 0 errors, 0 left on base; San Francisco 2 - San Diego 1
Friday, March 22nd , 2024 - OOTP Baseball 24.7 Build 72